cohdb
Replays
Latest Replays
All Replays
Popular Replays
Top Player Replays
Match Explorer
How It Works
Community
CoH3 Stats
Reddit
Sign in to upload your games and track your stats! →
Sign in with Steam
Match 42594223
Unlisted
Match 42594223
Overview
Messages
Build Orders
End
Construct Barracks
Engineer Squad
Riflemen Squad
Riflemen Squad
Grenade Package
Infantry Support Center
Selects Advanced Infantry Battlegroup
Advanced Logistics
Construct Medical Station
Selects Convert to Ranger Squad
Selects Frontline Medical Station
Frontline Medical Station
Frontline Medical Station
Construct Motor Pool
M1 Anti-tank Gun Team
Selects Infantry Assault
Infantry Assault
Convert to Ranger Squad
Survival Training
Captain Retinue
Munitions Surplus
Selects Ammunition Storage
Selects M2A1 105mm Howitzer Emplacement
Infantry Assault
Frontline Medical Station
Construct Medical Station
Selects 155mm Rapid Artillery Barrage
M1 Anti-tank Gun Team
Convert to Ranger Squad
Scout Squad
Demolitions Package
Ranger Squad
Construct Tank Depot
Ranger Squad
Captain Retinue
M18 Hellcat Tank Destroyer
Construct Weapon Support Center
[HAN]Diederick Kastner
IronPixie
宇杰
帝国の突撃隊
Cpt.Bod
Drone Operator
simranjitsingh713
N2RVE
0
0
Comments
sign in to comment!
No comments posted yet!